 Dungeon Crawl Stone Soup version 0.30-a0-381-g6ea064c7b4 (webtiles) character file.

Game seed: 17494883094281764898

221 garrulousMonolith the Conjurer (level 5, -10/41 HPs)
             Began as a Draconian Conjurer on Dec 1, 2022.
             Mangled by Duvessa
             ... wielding a +0 rapier
              (12 damage)
             ... on level 4 of the Dungeon.
             The game lasted 00:04:26 (2910 turns).

garrulousMonolith the Conjurer (Draconian Conjurer) Turns: 2910, Time: 00:04:27

Health: -10/41     AC:  7    Str: 10    XL:     5   Next: 65%
Magic:  8/18       EV: 12    Int: 20    God:
Gold:   157        SH:  0    Dex:  9    Spells: 3/9 levels left

rFire   . . .      SeeInvis .    w - +1 short sword (venom)
rCold   . . .      Faith    .    (no shield)
rNeg    . . .      Spirit   .    (body armour unavailable)
rPois   .          Reflect  .    n - +1 hat
rElec   .          Harm     .    b - +0 cloak
rCorr   .          Rampage  .    (no gloves)
Will    .....                    (no boots)
Stlth   ++........               (no amulet)
HPRegen 0.26/turn                m - ring of magical power
MPRegen 0.16/turn                (no ring)

@: no status effects
A: AC +5, unfitting armour, cold-blooded
a: no special abilities


You were on level 4 of the Dungeon.
You visited 1 branch of the dungeon, and saw 4 of its levels.

You collected 157 gold pieces.

Inventory:

Hand Weapons
 c - a +0 sling
 w - a +1 short sword of venom (weapon)
Missiles
 r - 10 poisoned darts (quivered)
 s - 6 silver javelins
Armour
 b - a +0 cloak (worn)
 n - a +1 hat (worn)
Jewellery
 m - a ring of magical power (left hand)
 q - an amulet of faith
Scrolls
 g - a scroll of magic mapping {unknown}
 h - 2 scrolls of teleportation {unknown}
 k - a scroll of enchant weapon {unknown}
 o - a scroll of noise {unknown}
 p - a scroll of vulnerability {unknown}
 u - a scroll of acquirement {unknown}
 v - a scroll of identify
Potions
 a - a potion of magic
 j - a potion of flight {unknown}
 l - a potion of mutation {unknown}
 t - a potion of heal wounds {unknown}


   Skills:
 + Level 2.2 Fighting
 + Level 2.6 Dodging
 + Level 2.8 Stealth
 + Level 2.8 Spellcasting
 * Level 5.2 Conjurations


You had 3 spell levels left.
You knew the following spells:

 Your Spells              Type           Power      Damage    Failure   Level
a - Magic Dart            Conj           92%        1d7       1%          1
b - Searing Ray           Conj           46%        2d6       2%          2
c - Poisonous Vapours     Pois/Air       4%         N/A       22%         2
d - Apportation           Tloc           4%         N/A       14%         1

Your spell library contained the following spells:

 Spells                   Type           Power      Damage    Failure   Level
 Freeze                   Ice            8%         1d3       14%         1
 Necrotise                Necr           8%         1d4       14%         1
 Sting                    Tmut/Pois      8%         1d3       14%         1
 Summon Small Mammal      Summ           8%         N/A       14%         1
 Dazzling Flash           Conj/Hex       26%        N/A       16%         3
 Kindle Blastsparks       Fire/Tloc/Air  4%         2d10      41%         3
 Fulminant Prism          Conj/Hex       6%         3d6       45%         4
 Iskenderun's Mystic Bla  Conj/Tloc      13%        2d5       45%         4
 Olgreb's Toxic Radiance  Pois           2%         N/A       82%         4
 Lee's Rapid Deconstruct  Erth           1%         3d4*      99%         5


Dungeon Overview and Level Annotations

Branches:
Dungeon (4/15)
 Temple: D:4-7

Altars:
Xom

Annotations:
D:4 Dowan, Duvessa


Innate Abilities, Weirdness & Mutations

Your plain brown scales are hard. (AC +5)
You cannot fit into any form of body armour.
You are cold-blooded and may be slowed by cold attacks.


Message History

Confirm with . or Enter, or press ? or * to list all spells.
Okay, then.
You hit Duvessa but do no damage.
Duvessa is moderately wounded.
Duvessa hits you with a +0 rapier.
You barely miss Duvessa.
Duvessa is moderately wounded.
Duvessa hits you but does no damage.
You hit Duvessa but do no damage.
Duvessa is moderately wounded.
Dowan, Brother of Duvessa comes into view.
He is wielding a +3 dagger of venom.
Duvessa misses you.
You aren't carrying any items that you can evoke.
You closely miss Duvessa.
Duvessa is moderately wounded.
A kobold comes into view. It is wielding a +0 spear.
Duvessa hits you with a +0 rapier.
The kobold shouts!
You hit Duvessa but do no damage.
Duvessa is poisoned.
You tail-slap Duvessa.
Duvessa is heavily wounded.
Duvessa hits you with a +0 rapier!
You barely miss Duvessa.
Duvessa is heavily wounded.
The kobold throws a stone.
The stone closely misses you. Duvessa hits you with a +0 rapier.
Casting: Searing Ray (safe; 2% risk of failure)
Confirm with . or Enter, or press ? or * to list all spells.
Aiming: Magic Dart (safe; 1% risk of failure)
Press: ? - help, Shift-Dir - straight line, f/p - Duvessa
Aim: Duvessa, wielding a +0 rapier and wearing a +1 ring mail of poison resistance (heavily wounded, very poisoned, 100% to hit)
The magic dart hits Duvessa but does no damage.
Duvessa is heavily wounded.
The kobold throws a stone.
The stone barely misses you. Duvessa hits you with a +0 rapier!
* * * LOW HITPOINT WARNING * * *
Okay, then.
It was a potion of cancellation.
You feel magically purged.
Duvessa gestures with her weapon.
Duvessa hits you with a +0 rapier!
You die...

...#.......##
..........##
........####
......>.##.##
............#
.#..#.#.#...###
#..#######...##
...
..#####)...# ..
......)@...#
..K##.e....#
#......#
#..###.## .).#
### #.## #.. ..


You could see Duvessa (very poisoned) and a kobold.

Vanquished Creatures
  A hound (D:4)
  2 jellies (D:3)
  7 gnolls
  A dart slug (D:2)
  4 orcs (D:3)
  4 ball pythons
  5 endoplasms
  A giant cockroach (D:2)
  8 goblins
  6 hobgoblins
  5 quokkas
  4 bats
  2 frilled lizards
  3 kobolds
  6 rats
59 creatures vanquished.

Vanquished Creatures (others)
  6 plants
6 creatures vanquished.

Grand Total: 65 creatures vanquished

Notes
Turn   | Place    | Note
-------+----------+-------------------------------------------
     0 | D:1      | garrulousMonolith the Draconian Conjurer began the quest
                  | for the Orb.
     0 | D:1      | Reached XP level 1. HP: 14/14 MP: 3/3
   509 | D:1      | Reached XP level 2. HP: 22/22 MP: 3/5
   993 | D:2      | Learned a level 2 spell: Searing Ray
   996 | D:2      | Learned a level 2 spell: Poisonous Vapours
  1284 | D:2      | Reached XP level 3. HP: 27/27 MP: 6/6
  1285 | D:2      | Reached skill level 1 in Fighting
  1746 | D:2      | Learned a level 1 spell: Apportation
  1816 | D:3      | Found a faded altar of an unknown god.
  1839 | D:3      | Got Plato's Spellbook of Congelation
  2013 | D:3      | Reached XP level 4. HP: 35/35 MP: 7/7
  2347 | D:3      | Found a shimmering altar of Xom.
  2569 | D:3      | Reached skill level 5 in Conjurations
  2569 | D:3      | Reached XP level 5. HP: 29/41 MP: 9/9
  2895 | D:4      | Noticed Duvessa
  2905 | D:4      | Noticed Dowan
  2909 | D:4      | HP: 2/41 [Duvessa/+0 rapier (11)]
  2910 | D:4      | Mangled by Duvessa

Illustrated notes

Levels and vault maps discovered:
D:1:      lightli_arrival_flooded_house, layout_basic, minmay_domino_4
D:2:      layout_loops_cross, kennysheep_generic_room_9
D:3:      layout_rooms, dk_xom_monty_hall, shapermc_ecumenical_altar_rom_forum,
          serial_bayou_pond_a
D:4:      layout_cave_pools, kennysheep_mini_moat,
          gammafunk_temple_overflow_elements, minmay_temple_entry_grid,
          uniq_duvessa

Skill      XL: |  1  2  3  4  5 |
---------------+----------------+-----
Stealth        | 2 |  2.8
Dodging        | 2 |  2.6
Fighting       | 1 2 |  2.2
Conjurations   | 5 |  5.2
Spellcasting   | |  2.8

Action                   |  1- 3 |  4- 6 || total
-------------------------+-------+-------++-------
Melee: Unarmed           |     7 |       ||     7
       Short sword       |       |    10 ||    10
       Tailslap          |       |     1 ||     1
 Fire: Sling             |    11 |       ||    11
 Cast: Magic Dart        |    75 |    35 ||   110
       Searing Ray       |     2 |     5 ||     7
  Use: Scroll            |       |     1 ||     1
       Potion            |       |     1 ||     1
Armor: Skin              |    10 |     6 ||    16
Dodge: Dodged            |    18 |     9 ||    27

Table legend: (Time is in decaauts)
 A = Elapsed time spent in this place.
 B = Non-inter-level travel time spent in this place.
 C = Inter-level travel time spent in this place.
 D = Time resting spent in this place.
 E = Time spent auto-exploring this place.
 F = Levels seen in this place.
 G = Mean time per level.
                   A        B        C        D        E       F      G
               +--------+--------+--------+--------+--------+-----+--------+
         Total |   2913 |   2831 |     82 |    722 |   1762 |   4 |  728.2 |
       Dungeon |   2913 |   2831 |     82 |    722 |   1762 |   4 |  728.2 |
               +--------+--------+--------+--------+--------+-----+--------+

Top non-repeatable levels by time:
     D:1: 991 daAuts
     D:3: 938 daAuts
     D:2: 789 daAuts
     D:4: 193 daAuts
